 Dungeon Crawl Stone Soup version 0.16.2-12-gd0ad4c3 (webtiles) character file.

727 amadinvention the Magician (level 7, -3/43 HPs)
             Began as an Octopode Wizard on Oct 4, 2015.
             Was a Follower of Vehumet.
             Slain by a worker ant (7 damage)
             ... on level 6 of the Dungeon.
             The game lasted 00:47:40 (5880 turns).

amadinvention the Magician (Octopode Wizard)        Turns: 5880, Time: 00:47:40

Health: -3/43      AC:  1    Str:  8    XL:     7   Next: 72%
Magic:  10/18      EV: 13    Int: 21    God:    Vehumet [*.....]
Gold:   347        SH:  0    Dex: 10    Spells: 5 memorised, 5 levels left

rFire  . . .     SeeInvis .     y - +11 mace "Killer Bee's Death" {crush, Stlth+}
rCold  . . .     Clarity  .     (no shield)
rNeg   . . .     SustAb   .     b - +0 hat
rPois  .         Gourm    .     (no amulet)
rElec  .         Spirit   .     (no ring)
rCorr  .         Warding  .     (no ring)
rMut   .         Stasis   .     (no ring)
MR     .....                    (no ring)
Stlth  ++++......               (no ring)
                                (no ring)
                                (no ring)
                                (no ring)

@: very slightly contaminated, not resistant to hostile enchantments, stealthy
A: almost no armour, amphibious, 8 rings, constrict 8, camouflage 1, gelatinous
body 1
a: Renounce Religion


You were on level 6 of the Dungeon.
You worshipped Vehumet.
Vehumet was aware of your devotion.
You were not hungry.

You visited 1 branch of the dungeon, and saw 6 of its levels.

You collected 347 gold pieces.

Inventory:

Hand weapons
 j - a +0 spear of venom
 y - the +11 mace "Killer Bee's Death" (weapon) {crush, Stlth+}
   (You found it on level 4 of the Dungeon)

   It inflicts extra damage upon your enemies.
   It makes you more stealthy.
Missiles
 l - 16 arrows of frost
Armour
 b - a +0 hat (worn)
Jewellery
 w - the amulet of Xuelacog {Faith rPois rF+ rC+ MP+9 Dex-5}
   (You found it on level 4 of the Dungeon)

   [amulet of faith]

   It allows you to gain divine favour quickly.
   It affects your dexterity (-5).
   It protects you from fire.
   It protects you from cold.
   It protects you from poison.
   It affects your magic capacity (+9).
Magical devices
 x - a wand of confusion (9)
Scrolls
 h - 2 scrolls of remove curse {unknown}
 i - 4 scrolls of immolation {unknown}
 m - 2 scrolls of amnesia {unknown}
 n - a scroll of fog {unknown}
 p - 2 scrolls of noise {unknown}
 q - 4 scrolls of identify
 u - a scroll of teleportation {unknown}
 v - 2 scrolls of blinking {unknown}
 A - 2 scrolls of magic mapping {unknown}
 F - a scroll of recharging {unknown}
Potions
 a - a potion of invisibility {unknown}
 e - a potion of curing
 f - a potion of agility {unknown}
 k - a potion of haste {unknown}
 s - a potion of magic {unknown}
 z - 2 potions of might
 B - a potion of flight {unknown}
 C - a potion of heal wounds {unknown}
 D - a potion of poison {unknown}
Books
 c - a book of Minor Magic

   Spells                             Type                      Level
   a - Magic Dart                     Conjuration                  1
   b - Blink                          Translocation                2
   c - Call Imp                       Summoning                    2
   d - Repel Missiles                 Charms/Air                   2
   e - Slow                           Hexes                        2
   f - Conjure Flame                  Conjuration/Fire             3
   g - Mephitic Cloud                 Conjuration/Poison/Air       3
 o - a book of Changes

   Spells                             Type                      Level
   a - Beastly Appendage              Transmutation                1
   b - Sticks to Snakes               Transmutation                2
   c - Spider Form                    Transmutation/Poison         3
   d - Ice Form                       Ice/Transmutation            4
   e - Blade Hands                    Transmutation                5
Comestibles
 d - 3 bread rations
 g - 3 beef jerkies
 r - 4 meat rations
 t - 2 slices of pizza


   Skills:
 + Level 1.4 Fighting
 * Level 1.7 Maces & Flails
 + Level 3.4 Dodging
 + Level 3.4 Stealth
 + Level 5.1 Spellcasting
 + Level 3.2 Conjurations
   Level 1.0 Summonings
 * Level 2.8 Translocations
 * Level 2.8 Air Magic
 - Level 0.8 Poison Magic


You had 5 spell levels left.
You knew the following spells:

 Your Spells              Type           Power        Failure   Level  Hunger
a - Magic Dart            Conj           ###.         3%          1    None
b - Mephitic Cloud        Conj/Pois/Air  ##......     14%         3    ##.....
c - Conjure Flame         Conj/Fire      ##......     21%         3    ##.....
d - Repel Missiles        Chrm/Air       ##....       12%         2    None
e - Blink                 Tloc           N/A          6%          2    None


Dungeon Overview and Level Annotations

Branches:
Dungeon (6/15)
 Temple: D:4-7

Altars:
Okawaru
Vehumet
Xom

Annotations:
D:4 Temi's ghost, average GrEE; Terence
D:6 exclusion: oklob plant, Prince Ribbit


Innate Abilities, Weirdness & Mutations

You cannot wear most types of armour.
You are amphibious.
You can wear up to eight rings at the same time.
You can use your tentacles to constrict many enemies at once.
Your skin changes colour to match your surroundings (Stealth).
Your rubbery body absorbs attacks (AC +1).


Message History

The bat barely misses you.
You hit the bat.
You kill the bat!
Vehumet accepts your kill. Prince Ribbit hits you!
You miss Prince Ribbit. Your grab misses Prince Ribbit. Prince Ribbit hits you.
Prince Ribbit misses you.
Casting: Conjure Flame
Confirm with . or Enter, or press ? or * to list all spells.
You blink.
Prince Ribbit blinks!
You hear some strange, mumbled words.
The puff of flame misses you. Prince Ribbit hits you!!
* * * LOW HITPOINT WARNING * * *
Prince Ribbit catches a wasp with his tongue.
Prince Ribbit hits you!
* * * LOW HITPOINT WARNING * * *
The worker ant seems less confused.
The worker ant bites you!
You die...

# #.# .#.# #.
#.##.#.# #.
#(.....#
#.###..#...#
#.##..........###
#...............#
######.##.###.###
#.##.###.###
#@...........
########Fa)...#.###
#.†.S....<....#
########......#
##$....# #.....#
#######


You could see Prince Ribbit and a worker ant.

Vanquished Creatures
  A water moccasin (D:5)
  An ogre (D:4)
  A scorpion (D:4)
  A centaur zombie (D:5)
  2 hounds
  A worker ant (D:4)
  Natasha (thrice) (D:3)
  A hound skeleton (D:5)
  A worker ant zombie (D:5)
  13 adders
  3 gnolls (D:3)
  A shadow imp (D:5)
  A giant mite (D:4)
  4 worms
  7 giant geckos
  2 oozes
  7 orcs
  7 hobgoblins
  11 jackals
  4 ball pythons
  8 bats
  2 giant cockroaches
  A giant newt (D:3)
  10 goblins
  10 kobolds
  2 quokkas (D:4)
  13 rats
118 creatures vanquished.

Notes
Turn   | Place    | Note
--------------------------------------------------------------
     0 | D:1      | amadinvention, the Octopode Wizard, began the quest for the Orb.
     0 | D:1      | Reached XP level 1. HP: 11/11 MP: 4/4
   454 | D:1      | Reached XP level 2. HP: 17/17 MP: 4/6
  1336 | D:2      | Reached XP level 3. HP: 13/21 MP: 6/8
  1768 | D:2      | Reached skill level 4 in Spellcasting
  1768 | D:2      | Reached XP level 4. HP: 23/27 MP: 4/11
  1852 | D:2      | Found a shimmering altar of Xom.
  2074 | D:2      | Learned a level 3 spell: Mephitic Cloud
  2078 | D:2      | Learned a level 3 spell: Conjure Flame
  2081 | D:2      | Learned a level 2 spell: Repel Missiles
  2084 | D:2      | Learned a level 2 spell: Blink
  2292 | D:3      | Noticed Natasha
  2604 | D:3      | Reached XP level 5. HP: 28/31 MP: 1/13
  2644 | D:3      | Noticed Terence
  2961 | D:3      | Reached skill level 1 in Air Magic
  3158 | D:3      | Killed Natasha
  3409 | D:3      | Noticed Natasha
  3412 | D:3      | Killed Natasha
  3424 | D:3      | Reached XP level 6. HP: 37/37 MP: 9/15
  3805 | D:4      | Noticed an ogre
  3828 | D:4      | Killed an ogre
  3828 | D:4      | Reached skill level 1 in Fighting
  4051 | D:4      | Got a slimy garnet amulet
  4052 | D:4      | Identified the amulet of Xuelacog {Faith rPois rF+ rC+ MP+9 Dex-5} (You found it on level 4 of the Dungeon)
  4210 | D:4      | Got a crude mace
  4211 | D:4      | Identified the +11 mace "Killer Bee's Death" {crush, Stlth+} (You found it on level 4 of the Dungeon)
  4262 | D:4      | Reached skill level 1 in Maces & Flails
  4368 | D:4      | Noticed Temi's ghost (average GrEE)
  4420 | D:4      | Found a radiant altar of Vehumet.
  4429 | D:4      | Became a worshipper of Vehumet
  4513 | D:4      | Reached XP level 7. HP: 35/43 MP: 9/18
  4642 | D:5      | Entered Level 5 of the Dungeon
  5195 | D:3      | Noticed Natasha
  5215 | D:3      | Killed Natasha
  5298 | D:4      | Acquired Vehumet's first power
  5298 | D:4      | Offered knowledge of Flame Tongue by Vehumet.
  5524 | D:5      | Reached skill level 5 in Spellcasting
  5732 | D:6      | Found an iron altar of Okawaru.
  5732 | D:6      | Noticed an oklob plant
  5848 | D:6      | Noticed Prince Ribbit
  5880 | D:6      | Slain by a worker ant

Action                   |  1- 3 |  4- 6 |  7- 9 || total
-------------------------+-------+-------+-------++-------
Melee: Spear             |    43 |    71 |       ||   114
       Unarmed           |     5 |       |       ||     5
       Mace              |       |    10 |    22 ||    32
 Cast: Magic Dart        |    70 |   140 |    85 ||   295
       Mephitic Cloud    |       |    19 |     3 ||    22
       Blink             |       |     3 |     4 ||     7
       Conjure Flame     |       |       |     2 ||     2
Evoke: Wand              |       |       |     1 ||     1
  Use: Scroll            |     2 |     2 |       ||     4
       Potion            |     1 |       |     1 ||     2
 Stab: Sleeping          |     1 |       |       ||     1
  Eat: Chunk             |     3 |     9 |     3 ||    15
       Beef jerky        |       |       |     1 ||     1
